 Dungeon Crawl Stone Soup version 0.30-a0-743-gbfdf073431 (webtiles) character file.

Game seed: 1442480662259281521

978 hikkokomori the Sneak (level 7, 0/40 HPs)
             Began as a Deep Elf Fire Elementalist on Feb 6, 2023.
             Slain by an orc priest
             ... wielding a +0 war axe
              (4 damage)
             ... on level 5 of the Dungeon.
             The game lasted 00:10:34 (5695 turns).

hikkokomori the Sneak (Deep Elf Fire Elementalist)  Turns: 5695, Time: 00:10:35

Health: 0/40       AC:  4    Str:  5    XL:     7   Next: 95%
Magic:  0/13       EV: 13    Int: 20    God:
Gold:   324        SH:  0    Dex: 17    Spells: 3/12 levels left

rFire   . . .      SeeInvis .    y - +3 dagger
rCold   . . .      Faith    .    (no shield)
rNeg    . . .      Spirit   .    a - +0 robe
rPois   .          Reflect  .    g - +0 helmet
rElec   .          Harm     .    (no cloak)
rCorr   .          Rampage  .    x - +0 pair of gloves
Will    .....                    (no boots)
Stlth   ++++                     u - amulet of regeneration
HPRegen 1.06/turn                (no ring)
MPRegen 0.13/turn                (no ring)

@: no status effects
A: no striking features
a: no special abilities


You were on level 5 of the Dungeon.
You visited 1 branch of the dungeon, and saw 5 of its levels.
You also visited: Sewer.

You collected 324 gold pieces.

Inventory:

Hand Weapons
 y - a +3 dagger (weapon)
Missiles
 t - a throwing net
Armour
 a - a +0 robe (worn)
 g - a +0 helmet (worn)
 x - a +0 pair of gloves (worn)
Jewellery
 f - a +6 ring of strength
 u - an amulet of regeneration (around neck)
Wands
 b - a wand of digging (1)
Scrolls
 h - a scroll of silence {unknown}
 l - 2 scrolls of blinking {unknown}
 q - 4 scrolls of enchant armour {unknown}
 r - a scroll of summoning {unknown}
 s - 3 scrolls of identify
 v - 4 scrolls of teleportation
 w - 2 scrolls of poison {unknown}
 z - a scroll of amnesia {unknown}
Potions
 c - 2 potions of magic
 d - a potion of cancellation {unknown}
 e - 3 potions of resistance
 i - a potion of flight
 j - a potion of curing {unknown}
 k - 3 potions of degeneration
 m - 3 potions of heal wounds {unknown}
 n - a potion of attraction
 o - 3 potions of might {unknown}
 p - 2 potions of brilliance {unknown}


   Skills:
 + Level 2.0 Fighting
 - Level 2.4 Dodging
 + Level 7.0 Stealth
 - Level 3.0 Spellcasting
 + Level 5.4 Conjurations
 - Level 5.5 Fire Magic
 + Level 2.8 Earth Magic


You had 3 spell levels left.
You knew the following spells:

 Your Spells              Type           Power      Damage    Failure   Level
a - Foxfire               Conj/Fire      96%        2x1d8     1%          1
b - Scorch                Fire           50%        2d8       2%          2
c - Iron Shot             Conj/Erth      9%         9d3       99%         6

Your spell library contained the following spells:

 Spells                   Type           Power      Damage    Failure   Level
 Passwall                 Tmut/Erth      6%         N/A       12%         2
 Beastly Appendage        Tmut           6%         N/A       14%         1
 Inner Flame              Hex/Fire       14%        N/A       14%         3
 Kindle Blastsparks       Fire/Tloc/Air  20%        2d11      21%         3
 Wereblood                Tmut           3%         N/A       22%         2
 Gell's Gravitas          Tloc           3%         N/A       38%         3
 Ozocubu's Armour         Ice            3%         N/A       38%         3
 Spider Form              Tmut/Pois      3%         N/A       38%         3
 Flame Wave               Conj/Fire      24%        2d8       16%         4
 Iskenderun's Battlesphe  Conj           24%        2d8       38%         5
 Metabolic Englaciation   Hex/Ice        1%         N/A       98%         5
 Eringya's Noxious Bog    Tmut/Pois      1%         N/A       100%        6
 Simulacrum               Ice/Necr       1%         N/A       100%        6
 Spellforged Servitor     Conj/Summ      6%         N/A       100%        7


Dungeon Overview and Level Annotations

Branches:
Dungeon (5/15)              Sewer (visited)
 Temple: D:4-7

Altars:
Xom
Zin


Message History

The orc priest is lightly wounded.
The foxfire hits something!
Reactivating autopickup.
You feel a bit more experienced. The orc priest closely misses you.
Unknown command.
You hit the orc priest but do no damage.
The orc priest is lightly wounded.
The orc priest completely misses you.
Unknown command.
You closely miss the orc priest.
The orc priest is lightly wounded.
The orc priest mumbles some strange prayers to Beogh against you.
Beogh smites you!
You barely miss the orc priest.
The orc priest is lightly wounded.
The orc priest barely misses you.
You hit the orc priest.
The orc priest is moderately wounded.
The orc priest hits you with a +0 war axe!
Casting: Foxfire (safe; 1% risk of failure)
Confirm with . or Enter, or press ? or * to list all spells.
You conjure some foxfire!
The orc priest invokes the aid of Beogh against you.
Beogh smites you!
You closely miss the orc priest.
The orc priest is moderately wounded.
The foxfire hits the orc priest.
The orc priest is heavily wounded.
The foxfire hits the orc priest.
The orc priest is almost dead.
The orc priest barely misses you.
You closely miss the orc priest.
The orc priest is almost dead.
The orc priest invokes the aid of Beogh against you.
Beogh smites you!
* * * LOW HITPOINT WARNING * * *
You hit the orc priest but do no damage.
The orc priest is almost dead.
The orc priest hits you with a +0 war axe.
You die...

...#.. ...# ####.....
###+####. #..... #........
#.....##+## #........
#.........# #..o..o..
#.........+ #........
####.........########†###)##
...#............@).........#
...+.............o.........#
#'##.......................+
...........................#
...........................#
.............#####.........#
.........##### ######....#
......[..# ....# .........#
...


You could see an orc priest.

Vanquished Creatures
  Pargi (Sewer)
  An ogre (D:5)
  A phantom (D:5)
  A necrophage (D:4)
  A scorpion (D:4)
  3 hounds
  An orc priest (D:4)
  A gnoll bouda (D:4)
  2 iguanas (D:5)
  Ijyb (D:3)
  5 orc wizards
  3 gnolls
  12 adders
  A white imp (D:4)
  A dart slug (D:4)
  8 orcs
  8 ball pythons
  3 bats
  7 endoplasms
  7 giant cockroaches
  5 goblins
  8 hobgoblins
  15 jackals
  3 quokkas
  8 frilled lizards
  8 kobolds
  7 rats
122 creatures vanquished.

Vanquished Creatures (others)
  301 foxfires
301 creatures vanquished.

Grand Total: 423 creatures vanquished

Notes
Turn   | Place    | Note
-------+----------+-------------------------------------------
     0 | D:1      | hikkokomori the Deep Elf Fire Elementalist began the quest
                  | for the Orb.
     0 | D:1      | Reached XP level 1. HP: 10/10 MP: 6/6
   187 | D:1      | Reached XP level 2. HP: 13/15 MP: 0/8
   200 | D:1      | Reached skill level 3 in Stealth
   866 | D:2      | Reached XP level 3. HP: 17/19 MP: 4/9
  1193 | D:2      | Got the Directory of Shapeshifting and Geometries
  1586 | D:2      | Reached XP level 4. HP: 24/24 MP: 6/10
  1990 | D:3      | Identified 2 scrolls of acquirement
  1990 | D:3      | Acquired a book of Winter
  1997 | D:3      | Acquired a book of Power
  2001 | D:3      | Reached skill level 4 in Stealth
  2005 | D:3      | Learned a level 2 spell: Scorch
  2257 | D:3      | Found a glowing drain.
  2355 | Sewer    | Entered a sewer
  2619 | Sewer    | Noticed Pargi
  2626 | Sewer    | Killed Pargi
  2627 | Sewer    | Reached XP level 5. HP: 28/28 MP: 3/11
  2846 | D:3      | Reached skill level 5 in Stealth
  2861 | D:3      | Noticed Ijyb
  2883 | D:3      | Killed Ijyb
  2884 | D:3      | Reached skill level 5 in Fire Magic
  2884 | D:3      | Reached XP level 6. HP: 16/32 MP: 6/12
  3381 | D:3      | Learned a level 6 spell: Iron Shot
  3617 | D:4      | Found a shimmering altar of Xom.
  3637 | D:4      | Noticed an angel
  3643 | D:4      | Found a glowing silver altar of Zin.
  4012 | D:5      | Entered Level 5 of the Dungeon
  4058 | D:4      | Reached skill level 6 in Stealth
  4134 | D:4      | Reached XP level 7. HP: 37/37 MP: 0/13
  4440 | D:4      | Reached skill level 1 in Earth Magic
  4572 | D:4      | Reached skill level 1 in Fighting
  5166 | D:5      | Reached skill level 5 in Conjurations
  5673 | D:5      | Reached skill level 7 in Stealth
  5695 | D:5      | Slain by an orc priest

Illustrated notes

Levels and vault maps discovered:
D:1:      co_arrival_square_in_a_square_in_a_square, layout_rooms
D:2:      layout_basic
D:3:      layout_basic, portal_sewer_entry_e, uniq_ijyb
D:4:      layout_basic, grunt_temple_overflow_order_and_chaos_1
D:5:      layout_gridville

Skill      XL: |  1  2  3  4  5  6  7 |
---------------+----------------------+-----
Stealth        | 3 4 5 6 7 |  7.0
Conjurations   | 2 3 4 5 |  5.4
Fire Magic     | 4 5 |  5.5
Earth Magic    | 2 |  2.8
Fighting       | 2 |  2.0
Dodging        | |  2.4
Spellcasting   | |  3.0

Action                     |  1- 3 |  4- 6 |  7- 9 || total
---------------------------+-------+-------+-------++-------
  Melee: Unarmed           |     4 |       |       ||     4
         Dagger            |    39 |    77 |    14 ||   130
         Punch             |     1 |       |       ||     1
   Cast: Foxfire           |    72 |   105 |    11 ||   188
         Scorch            |       |    28 |    40 ||    68
    Use: Scroll            |       |     9 |       ||     9
         Potion            |       |     1 |       ||     1
   Stab: Sleeping          |     1 |     3 |       ||     4
 Armour: Robe              |    15 |    27 |     3 ||    45
  Dodge: Dodged            |    55 |   102 |    17 ||   174

Table legend: (Time is in decaauts)
 A = Elapsed time spent in this place.
 B = Non-inter-level travel time spent in this place.
 C = Inter-level travel time spent in this place.
 D = Time resting spent in this place.
 E = Time spent auto-exploring this place.
 F = Levels seen in this place.
 G = Mean time per level.
                   A        B        C        D        E       F      G
               +--------+--------+--------+--------+--------+-----+--------+
         Total |   5730 |   5570 |    160 |    335 |   4357 |   6 |  955.0 |
       Dungeon |   5296 |   5136 |    160 |    335 |   3980 |   5 | 1059.2 |
         Sewer |    434 |    434 |      0 |      0 |    376 |   1 |  434.0 |
               +--------+--------+--------+--------+--------+-----+--------+

Top non-repeatable levels by time:
     D:4: 1418 daAuts
     D:3: 1215 daAuts
     D:2: 1149 daAuts
     D:1: 834 daAuts
     D:5: 678 daAuts
   Sewer: 434 daAuts
